 Dungeon Sprint DCSS version 0.27-a0-773-gaaee5cf45b (webtiles) character file.

Game seed: 6428354161325041542

1061 mhtbhm the Basher (level 8, -2/132 HPs)
             Began as a Troll Berserker on Mar 26, 2021.
             Was an Elder of Trog.
             Slain by an orc warrior
             ... wielding a +1 vampiric short sword
              (15 damage)
             ... in the Dungeon (Sprint IX: "|||||||||||||||||||||||||||||").
             The game lasted 00:01:32 (202 turns).

mhtbhm the Basher (Troll Berserker)                  Turns: 202, Time: 00:01:33

Health: -2/132     AC:  5    Str: 28    XL:     8   Next: 6%
Magic:  7/7        EV: 15    Int:  3    God:    Trog [****..]
Gold:   0          SH:  0    Dex: 12    Spells: 7/7 levels left

rFire    . . .     SeeInvis .   a - +0 mace
rCold    . . .     Faith    .   (no shield)
rNeg     . . .     Spirit   .   b - +0 animal skin
rPois    .         Reflect  .   (helmet restricted)
rElec    .         Harm     .   k - +0 cloak
rCorr    .         Rampage  .   (gloves unavailable)
Will     .....     NoTele   +   (boots unavailable)
Stlth    ..........             (no amulet)
HPRegen  1.32/turn              l - +3 ring of dexterity
MPRegen  0.10/turn              m - +2 ring of evasion

@: berserking, very quick
A: large, unfitting armour, claws 3, regeneration 1, shaggy fur 1, tough skin 1
a: Renounce Religion, Berserk, Trog's Hand, Brothers in Arms


You were in the Dungeon.
You worshipped Trog.
Trog was greatly pleased with you.
You visited 1 branch

Inventory:

Hand Weapons
 a - a +0 mace (weapon)
Armour
 b - a +0 animal skin (worn)
 k - a +0 cloak (worn)
Jewellery
 l - a +3 ring of dexterity (right claw)
 m - a +2 ring of evasion (left claw)
Wands
 j - a wand of iceblast (10)
Scrolls
 h - 2 scrolls of blinking
Potions
 c - 5 potions of curing
 d - a potion of invisibility
 e - a potion of haste
 f - 4 potions of magic
 g - a potion of berserk rage
 i - a potion of heal wounds


   Skills:
 + Level 8.0 Fighting
 + Level 10.6 Maces & Flails
 + Level 8.9 Dodging
 + Level 1.3 Stealth


You had 7 spell levels left.
You didn't know any spells.
Your spell library was empty.

Dungeon Overview and Level Annotations

Branches:
Dungeon (1/1)

Altars:
Cheibriados
Dithmenos
Elyvilon
Fedhas
Gozag
Hepliaklqana
Kikubaaqudgha
Makhleb
Nemelex Xobeh
Okawaru
Qazlal
Ru
Sif Muna
Trog
Uskayaw
Vehumet
Wu Jian
Xom
Yredelemnul
Zin
The Shining One
Beogh
Jiyva
Lugonu


Innate Abilities, Weirdness & Mutations

You are too large for most types of armour.
You have claws for hands.
Your natural rate of healing is unusually fast.
You are covered in fur. (AC +1)
You have tough skin. (AC +1)


Message History

The yak gores you!
* * * LOW HITPOINT WARNING * * *
You hit the yak but do no damage.
The yak is moderately wounded.
The yak closely misses you.
You hit the yak.
The yak is moderately wounded.
The yak gores you. The yak gores you!
* * * LOW HITPOINT WARNING * * *
You hit the yak but do no damage.
The yak is moderately wounded.
The yak gores you but does no damage.
Unknown command.
You hit the yak but do no damage.
The yak is moderately wounded.
You recover from your berserk rage.
The yak snorts and paws the ground.
The yak barely misses you.
Unknown command.
A red film seems to cover your vision as you go berserk!
You feel yourself moving faster!
You feel mighty! The yak gores you!
* * * LOW HITPOINT WARNING * * *
The yak gores you but does no damage.
You sock the yak!
The yak is severely wounded.
You feel yourself speed up. The yak misses you.
You sock the yak!
You kill the yak!
Trog accepts your kill.
Your Fighting skill increases to level 8!
You have reached level 8!
The orc warrior hits you with a +1 vampiric short sword!
* * * LOW HITPOINT WARNING * * *
You see here a yak corpse.
You closely miss the orc warrior. The orc warrior closely misses you.
You closely miss the orc warrior. You closely miss the orc warrior.
The orc warrior hits you with a +1 vampiric short sword!
You die... ▓▓▓▓▓▓▓▓▓▓▓▓▓▓▓▓▓▓▓▓▓▓▓ +....o@[..[.[.)?.'_____ ▓▓▓▓▓▓▓▓▓▓▓▓▓▓▓▓▓▓▓▓▓▓▓

You could see an orc warrior.

Vanquished Creatures
  A troll (D)
  A wraith (D)
  2 yaks (D)
  A vampire mosquito (D)
  2 sky beasts (D)
  An ogre (D)
  An iguana (D)
  A bat (D)
  An endoplasm (D)
  A frilled lizard (D)
  A jackal zombie (D)
  2 kobolds (D)
15 creatures vanquished.

Notes
Turn   | Place    | Note
-------+----------+-------------------------------------------
     0 | D        | mhtbhm the Troll Berserker began the quest for the Orb.
     0 | D        | Reached XP level 1. HP: 22/22 MP: 0/0
     9 | D        | Reached skill level 3 in Maces & Flails
    12 | D        | Reached ** piety under Trog
    27 | D        | Noticed a sky beast
    27 | D        | Noticed an iguana
    27 | D        | Noticed an ogre
    27 | D        | Noticed a sky beast
    36 | D        | Killed a sky beast
    36 | D        | Reached *** piety under Trog
    37 | D        | Reached skill level 5 in Maces & Flails
    37 | D        | Reached skill level 5 in Dodging
    37 | D        | Reached XP level 2. HP: 28/33 MP: 1/1
    37 | D        | Reached XP level 3. HP: 34/40 MP: 2/2
    37 | D        | Reached XP level 4. HP: 42/49 MP: 3/3
    41 | D        | Killed an ogre
    42 | D        | Reached skill level 5 in Fighting
    42 | D        | Reached skill level 6 in Maces & Flails
    42 | D        | Reached XP level 5. HP: 55/57 MP: 4/4
    56 | D        | Killed a sky beast
    57 | D        | Reached skill level 7 in Maces & Flails
    57 | D        | Reached XP level 6. HP: 25/67 MP: 5/5
    93 | D        | Found a snail-covered altar of Cheibriados.
    93 | D        | Found a shadowy altar of Dithmenos.
    93 | D        | Found a white marble altar of Elyvilon.
    93 | D        | Found a blossoming altar of Fedhas.
    93 | D        | Found an opulent altar of Gozag.
    94 | D        | Found a hazy altar of Hepliaklqana.
    95 | D        | Found a viscous altar of Jiyva.
    96 | D        | Found an ancient bone altar of Kikubaaqudgha.
    97 | D        | Found a corrupted altar of Lugonu.
    98 | D        | Found a burning altar of Makhleb.
    99 | D        | Found a sparkling altar of Nemelex Xobeh.
   100 | D        | Found an iron altar of Okawaru.
   101 | D        | Found a stormy altar of Qazlal.
   102 | D        | Found a sacrificial altar of Ru.
   103 | D        | Found a shimmering blue altar of Sif Muna.
   104 | D        | Found a bloodstained altar of Trog.
   105 | D        | Found a hide-covered altar of Uskayaw.
   106 | D        | Found a radiant altar of Vehumet.
   107 | D        | Found an ornate altar of the Wu Jian Council.
   108 | D        | Found a shimmering altar of Xom.
   109 | D        | Found a basalt altar of Yredelemnul.
   110 | D        | Found a glowing silver altar of Zin.
   111 | D        | Found a glowing golden altar of the Shining One.
   145 | D        | Noticed an orc warrior
   145 | D        | Noticed a yak
   145 | D        | Noticed a wraith
   145 | D        | Noticed a yak
   145 | D        | Noticed a vampire mosquito
   145 | D        | Noticed a troll
   152 | D        | Killed a troll
   152 | D        | Reached **** piety under Trog
   153 | D        | Reached skill level 8 in Maces & Flails
   153 | D        | Reached skill level 1 in Stealth
   161 | D        | Killed a vampire mosquito
   162 | D        | Reached skill level 9 in Maces & Flails
   162 | D        | Reached XP level 7. HP: 78/78 MP: 6/6
   178 | D        | Killed a yak
   187 | D        | Killed a wraith
   188 | D        | Reached skill level 10 in Maces & Flails
   198 | D        | Killed a yak
   199 | D        | Reached XP level 8. HP: 26/88 MP: 7/7
   202 | D        | Slain by an orc warrior

Illustrated notes

Levels and vault maps discovered:
D:        linesprint [early_d, line_temple, items_1, d_10, items_2, lair_1,
          lair_end, items_3, orc_1, orc_end, items_4, d_15, swamp_1, shoals_1,
          snake_1, spider_1, d_20, vaults_1, items_5, swamp_end, shoals_end,
          snake_end, spider_end, vaults_end, d_27, items_6, zot_1, zot_end,
          crypt_end, forest_end, elf_end, slime_end, tomb_end, abyss_end,
          pan_hell_end]

Skill      XL: |  1  2  3  4  5  6  7 |
---------------+----------------------+-----
Maces & Flails | 5 6 7 9 10 | 10.6
Dodging        | 5 6 8 |  8.9
Fighting       | 4 5 6 7 8 |  8.0
Stealth        | 1 |  1.3

Action                   |  1- 3 |  4- 6 |  7- 9 || total
-------------------------+-------+-------+-------++-------
Melee: Mace              |    25 |    33 |    37 ||    95
Invok: Berserk           |     1 |     1 |     1 ||     3
  Use: Potion            |       |     1 |     1 ||     2
Armor: Animal skin       |     7 |     4 |     2 ||    13
Dodge: Dodged            |    12 |    29 |    26 ||    67

Table legend: (Time is in decaauts)
 A = Elapsed time spent in this place.
 B = Non-inter-level travel time spent in this place.
 C = Inter-level travel time spent in this place.
 D = Time resting spent in this place.
 E = Time spent auto-exploring this place.
 F = Levels seen in this place.
 G = Mean time per level.
                   A        B        C        D        E       F      G
               +--------+--------+--------+--------+--------+-----+--------+
         Total |    217 |    217 |      0 |     32 |      3 |   1 |  217.0 |
       Dungeon |    217 |    217 |      0 |     32 |      3 |   1 |  217.0 |
               +--------+--------+--------+--------+--------+-----+--------+

Top non-repeatable levels by time:
       D: 217 daAuts
